 Dungeon Crawl Stone Soup version 0.30-a0-1074-g5db6f66fbb (webtiles) character file.

Game seed: 11177666286956241641

3 hwolsky the Caller (level 1, 0/10 HPs)
             Began as a Tengu Summoner on Apr 13, 2023.
             Slain by a giant cockroach (1 damage)
             ... on level 1 of the Dungeon.
             The game lasted 00:00:58 (137 turns).

hwolsky the Caller (Tengu Summoner)                  Turns: 137, Time: 00:00:59

Health: 0/10       AC:  2    Str:  8    XL:     1   Next: 50%
Magic:  3/4        EV: 12    Int: 15    God:
Gold:   0          SH:  0    Dex: 14    Spells: 3/4 levels left

rFire   . . .      SeeInvis .    (no weapon)
rCold   . . .      Faith    .    (no shield)
rNeg    . . .      Spirit   .    a - +0 robe
rPois   .          Reflect  .    (helmet restricted)
rElec   .          Rampage  .    (no cloak)
rCorr   .                        (no gloves)
Will    .....                    (boots unavailable)
Stlth   ++                       (no amulet)
HPRegen 0.21/turn                (no ring)
MPRegen 0.09/turn                (no ring)

@: no status effects
A: beak, talons 3
a: no special abilities


You were on level 1 of the Dungeon.
You visited 1 branch of the dungeon, and saw 1 of its levels.

Inventory:

Armour
 a - a +0 robe (worn)
Potions
 b - a potion of magic
 c - a potion of mutation {unknown}


   Skills:
 + Level 2.2 Dodging
 + Level 2.1 Stealth
 + Level 2.0 Spellcasting
 + Level 4.9 Summonings


You had 3 spell levels left.
You knew the following spells:

 Your Spells              Type           Power      Damage    Failure   Level
a - Summon Small Mammal   Summ           64%        N/A       3%          1

Your spell library contained the following spells:

 Spells                   Type           Power      Damage    Failure   Level
 Call Imp                 Summ           32%        N/A       4%          2
 Call Canine Familiar     Summ           16%        N/A       9%          3
 Summon Guardian Golem    Hex/Summ       8%         N/A       24%         3
 Summon Lightning Spire   Summ/Air       8%         N/A       63%         4


Dungeon Overview and Level Annotations

Branches:
Dungeon (1/15)

Altars:


Innate Abilities, Weirdness & Mutations

You have a beak for a mouth.
You have claws for feet.


Message History

Moving in this stuff is going to be slow.
Your quokka disappears in a puff of smoke!
A kobold comes into view. It is wielding a +0 dagger.
Casting: Summon Small Mammal (safe; 3% risk of failure)
Confirm with . or Enter, or press ? or * to list all spells.
A goblin and a kobold come into view.
The kobold shouts!
The goblin shouts!
The kobold throws a stone.
The stone hits your quokka but does no damage.
Your quokka closely misses the kobold.
The kobold hits your quokka with a +0 dagger.
The kobold barely misses you.
You closely miss the kobold. Your kick misses the kobold.
Your quokka closely misses the kobold.
The kobold hits your quokka with a +0 dagger.
Your quokka dies!
Your quokka's corpse disappears in a puff of smoke!
The kobold hits you with a +0 club.
You closely miss the kobold. You claw the kobold, but do no damage.
You peck the kobold, but do no damage.
A giant cockroach comes into view.
The kobold barely misses you.
You closely miss the kobold. You claw the kobold.
You kill the kobold!
You miss the goblin. The kobold closely misses you.
The goblin hits you with a +0 club.
* * * LOW HITPOINT WARNING * * *
You hit the goblin. You peck the goblin, but do no damage.
The goblin is moderately wounded.
The giant cockroach bites you but does no damage.
The goblin barely misses you. The kobold hits you with a +0 dagger.
* * * LOW HITPOINT WARNING * * *
You barely miss the goblin. Your kick misses the goblin.
The goblin is moderately wounded.
The giant cockroach barely misses you. The kobold hits you with a +0 dagger.
* * * LOW HITPOINT WARNING * * *
The goblin closely misses you.
The giant cockroach attacks as you move away!
The giant cockroach bites you.
You die...

♣♣ ♣♣♣♣♣♣ ♣.♣
♣♣♣♣....♣♣♣ #####
...♣♣♣♣.....♣...♣♣......
≈...♣.....♣♣♣♣♣.@g#
≈≈≈...♣♣♣♣♣ ♣.KB#
♣≈≈≈~♣♣ ♣♣.....
♣♣♣≈~~♣♣♣ ♣.##...#
♣♣♣..≈~≈♣ .#. ...#
♣...♣♣~♣♣ . .. ....
..♣♣♣ ♣♣ . .# ### ♣♣♣ ##
##


You could see a giant cockroach, a goblin and a kobold.

Vanquished Creatures
  A goblin (D:1)
  A kobold (D:1)
2 creatures vanquished.

Vanquished Creatures (collateral kills)
  A bat (D:1)
1 creature vanquished.

Vanquished Creatures (others)
  2 plants (D:1)
2 creatures vanquished.

Grand Total: 5 creatures vanquished

Notes
Turn   | Place    | Note
-------+----------+-------------------------------------------
     0 | D:1      | hwolsky the Tengu Summoner began the quest for the Orb.
     0 | D:1      | Reached XP level 1. HP: 10/10 MP: 4/4
   137 | D:1      | Slain by a giant cockroach

Illustrated notes

Levels and vault maps discovered:
D:1:      kilobyte_arrival_exit_the_forest, layout_loops_cross

Action                     || total
---------------------------++-------
  Melee: Unarmed           ||    15
         Peck              ||     5
         Kick              ||     4
   Cast: Summon Small Mamm ||     4
 Armour: Robe              ||     5
  Dodge: Dodged            ||     8

Table legend: (Time is in decaauts)
 A = Elapsed time spent in this place.
 B = Non-inter-level travel time spent in this place.
 C = Inter-level travel time spent in this place.
 D = Time resting spent in this place.
 E = Time spent auto-exploring this place.
 F = Levels seen in this place.
 G = Mean time per level.
                   A        B        C        D        E       F      G
               +--------+--------+--------+--------+--------+-----+--------+
         Total |    138 |    138 |      0 |      0 |     73 |   1 |  138.0 |
       Dungeon |    138 |    138 |      0 |      0 |     73 |   1 |  138.0 |
               +--------+--------+--------+--------+--------+-----+--------+

Top non-repeatable levels by time:
     D:1: 138 daAuts
